 Dungeon Crawl Stone Soup version 0.27-a0-1140-g099f9bb0e8 (webtiles) character file.

Game seed: 1716912692069592671

86 leviel the Skirmisher (level 4, 0/42 HPs)
             Began as a Minotaur Fighter on May 8, 2021.
             Slain by Terence
             ... wielding a +0 short sword of draining
              (4 damage)
             ... on level 2 of the Dungeon.
             The game lasted 00:01:10 (959 turns).

leviel the Skirmisher (Minotaur Fighter)             Turns: 959, Time: 00:01:10

Health: 0/42       AC:  7    Str: 21    XL:     4   Next: 27%
Magic:  3/3        EV:  7    Int:  5    God:
Gold:   37         SH:  9    Dex: 10    Spells: 3/3 levels left

rFire    . . .     SeeInvis .   a - +0 war axe
rCold    . . .     Faith    .   c - +0 kite shield
rNeg     . . .     Spirit   .   b - +0 scale mail
rPois    .         Reflect  .   (helmet restricted)
rElec    .         Harm     .   (no cloak)
rCorr    .         Rampage  .   (no gloves)
Will     .....                  (no boots)
Stlth    ..........             (no amulet)
HPRegen  0.14/turn              (no ring)
MPRegen  0.08/turn              (no ring)

@: mighty
A: horns 2, retaliatory headbutt
a: no special abilities


You were on level 2 of the Dungeon.
You visited 1 branch of the dungeon, and saw 2 of its levels.

You collected 37 gold pieces.

Inventory:

Hand Weapons
 a - a +0 war axe (weapon)
Armour
 b - a +0 scale mail (worn)
 c - a +0 kite shield (worn)
Scrolls
 f - 2 scrolls of identify {unknown}
 g - a scroll of torment {unknown}
 h - a scroll of enchant weapon {unknown}
Potions
 e - a potion of degeneration {unknown}
 i - 2 potions of curing {unknown}
 j - a potion of berserk rage {unknown}


   Skills:
 + Level 5.0 Fighting
 + Level 4.2 Axes
 - Level 3.7 Armour
 - Level 3.7 Shields


You had 3 spell levels left.
You didn't know any spells.
Your spell library was empty.

Dungeon Overview and Level Annotations

Branches:
Dungeon (2/15)

Altars:
Okawaru

Annotations:
D:2 Terence


Innate Abilities, Weirdness & Mutations

You have a pair of horns on your head.
You reflexively headbutt those who attack you in melee.


Message History

You are too injured to fight recklessly!
You are too injured to fight recklessly!
You are too injured to fight recklessly!
You are too injured to fight recklessly!
You are too injured to fight recklessly!
You are too injured to fight recklessly!
You are too injured to fight recklessly!
You are too injured to fight recklessly!
You are too injured to fight recklessly!
You are too injured to fight recklessly!
You are too injured to fight recklessly!
You are too injured to fight recklessly!
You are too injured to fight recklessly!
Unknown command.
You are too injured to fight recklessly!
You are too injured to fight recklessly!
You are too injured to fight recklessly!
Unknown command.
You are too injured to fight recklessly!
You feel very mighty all of a sudden. The quokka bites you.
Terence barely misses you.
The quokka bites you but does no damage.
You slash Terence! Your headbutt misses Terence.
Terence is heavily wounded.
You barely miss the quokka. The quokka bites you.
Terence zaps a wand.
The puff of flame hits you.
* * * LOW HITPOINT WARNING * * *
Your scale mail prevents you from hitting Terence.
Terence is heavily wounded.
You closely miss the quokka.
The quokka bites you but does no damage.
Terence zaps a wand.
The puff of flame hits you.
* * * LOW HITPOINT WARNING * * *
The quokka barely misses you. You furiously retaliate!
You headbutt the quokka!
You kill the quokka!
You block Terence's attack.
You barely miss Terence. Your headbutt misses Terence.
Terence is heavily wounded.
Terence hits you with a +0 short sword of draining.
You die...

#......#............#
........##..........#
#####(.).#..........#
..# #..#.)..........#
...
.=.#.###...)......##
..#...#..
#.)..........
..#####.#
#..........# ... .)
#..........# ... .#.
#∩..♣@.♣..♣. ... ...
#.).@........ #
............... ...
..........∩..... ...
..)............. ...
................ ...
...._.....8..∩.. ...
#.............. ...


You could see Terence.

Vanquished Creatures
  An iguana (D:2)
  2 adders (D:2)
  A dart slug (D:1)
  2 ball pythons (D:1)
  5 endoplasms
  A giant cockroach (D:1)
  4 goblins
  3 hobgoblins
  2 jackals (D:1)
  3 quokkas
  5 bats
  3 frilled lizards
  5 kobolds
  4 rats (D:1)
41 creatures vanquished.

Vanquished Creatures (others)
  A plant (D:1)
1 creature vanquished.

Grand Total: 42 creatures vanquished

Notes
Turn   | Place    | Note
-------+----------+-------------------------------------------
     0 | D:1      | leviel the Minotaur Fighter began the quest for the Orb.
     0 | D:1      | Reached XP level 1. HP: 19/19 MP: 0/0
   116 | D:1      | Reached XP level 2. HP: 26/27 MP: 1/1
   130 | D:1      | Reached skill level 4 in Fighting
   551 | D:2      | Reached XP level 3. HP: 5/34 MP: 2/2
   853 | D:2      | Found an iron altar of Okawaru.
   872 | D:2      | Reached XP level 4. HP: 41/41 MP: 3/3
   906 | D:2      | Reached skill level 5 in Fighting
   950 | D:2      | Noticed Terence
   953 | D:2      | Found a faded altar of an unknown god.
   959 | D:2      | Slain by Terence

Illustrated notes

Levels and vault maps discovered:
D:1:      eino_arrival_druids_welcome, layout_rooms
D:2:      layout_rooms, hellmonk_ecumenical_altar_arch_garden, basic_altar,
          minmay_distorted, uniq_terence

Skill      XL: |  1  2  3  4 |
---------------+-------------+-----
Fighting       | 4 5 |  5.0
Axes           | 3 4 |  4.2
Armour         | |  3.7
Shields        | |  3.7

Action                   |  1- 3 |  4- 6 || total
-------------------------+-------+-------++-------
Melee: War axe           |    59 |    18 ||    77
       Headbutt          |    10 |     3 ||    13
  Use: Potion            |       |     1 ||     1
Armor: Scale mail        |    36 |     7 ||    43
Dodge: Dodged            |    25 |     4 ||    29
Block: Kite shield       |    39 |     7 ||    46

Table legend: (Time is in decaauts)
 A = Elapsed time spent in this place.
 B = Non-inter-level travel time spent in this place.
 C = Inter-level travel time spent in this place.
 D = Time resting spent in this place.
 E = Time spent auto-exploring this place.
 F = Levels seen in this place.
 G = Mean time per level.
                   A        B        C        D        E       F      G
               +--------+--------+--------+--------+--------+-----+--------+
         Total |   1002 |    987 |     15 |    247 |    524 |   2 |  501.0 |
       Dungeon |   1002 |    987 |     15 |    247 |    524 |   2 |  501.0 |
               +--------+--------+--------+--------+--------+-----+--------+

Top non-repeatable levels by time:
     D:1: 563 daAuts
     D:2: 439 daAuts
